 Dungeon Crawl Stone Soup version 0.29.1-12-g30fa7ad0bf (webtiles) character file.

Game seed: 6841179305016144537

30 venomsnake the Trooper (level 3, -6/33 HPs)
             Began as a Minotaur Fighter on Dec 26, 2022.
             Mangled by Sigmund
             ... wielding a +0 scythe
              (9 damage)
             ... on level 2 of the Dungeon.
             The game lasted 00:04:23 (1780 turns).

venomsnake the Trooper (Minotaur Fighter)           Turns: 1780, Time: 00:04:24

Health: -6/33      AC:  8    Str: 22    XL:     3   Next: 5%
Magic:  2/2        EV:  9    Int:  5    God:
Gold:   40         SH:  0    Dex:  9    Spells: 2/2 levels left

rFire   + . .      SeeInvis .   a - +0 war axe
rCold   . . .      Faith    .   c - +0 buckler
rNeg    . . .      Spirit   .   b - +0 scale mail
rPois   .          Reflect  .   (helmet restricted)
rElec   .          Harm     .   (no cloak)
rCorr   .          Rampage  .   o - +0 pair of gloves
Will    .....                   (no boots)
Stlth   ..........              (no amulet)
HPRegen 0.11/turn               i - ring of protection from fire
MPRegen 0.08/turn               (no ring)

@: confused
A: horns 2, retaliatory headbutt
a: no special abilities


You were on level 2 of the Dungeon.
You visited 1 branch of the dungeon, and saw 2 of its levels.

You collected 40 gold pieces.

Inventory:

Hand Weapons
 a - a +0 war axe (weapon)
Missiles
 k - 5 poisoned darts (quivered)
Armour
 b - a +0 scale mail (worn)
 c - a +0 buckler (worn)
 o - a +0 pair of gloves (worn)
Jewellery
 i - a ring of protection from fire (left hand)
 m - a ring of wizardry
Scrolls
 f - 2 scrolls of identify {unknown}
 g - a scroll of enchant weapon {unknown}
 j - a scroll of fear {unknown}
 n - a scroll of noise {unknown}
Potions
 d - 2 potions of might
 e - a potion of lignification {unknown}
 h - a potion of flight {unknown}
 l - a potion of mutation {unknown}


   Skills:
 * Level 4.2 Fighting
 + Level 2.9 Axes
 + Level 4.0 Armour
 + Level 4.0 Shields


You had 2 spell levels left.
You didn't know any spells.
Your spell library was empty.

Dungeon Overview and Level Annotations

Branches:
Dungeon (2/15)

Altars:

Annotations:
D:1 2 runed translucent doors
D:2 Sigmund


Innate Abilities, Weirdness & Mutations

You have a pair of horns on your head.
You reflexively headbutt those who attack you in melee.


Message History

Sigmund points at you and mumbles some strange words.
You are confused.
There is a stone staircase leading up here.
In your confused state, you trip and fall back down the stairs.
Sigmund drinks a potion.
Sigmund suddenly seems more resistant.
You climb upwards.
Level annotation: 2 runed translucent doors
There is a stone staircase leading down here.
You start resting.
You feel less confused.
You can't go up here!
You climb downwards.
Level annotation: Sigmund Sigmund mumbles some strange words.
Sigmund flickers and vanishes!
Deactivating autopickup; reactivate with Ctrl-A.
There is a stone staircase leading up here.
Something hits you but does no damage.
You hit something. Something hits you.
You closely miss something. Something hits you but does no damage.
You miss something. Something hits you.
You hit something but do no damage. Your headbutt misses something.
You hear some strange, mumbled words.
A magic dart appears from out of thin air!
The magic dart hits you. Something hits you but does no damage.
You hit something but do no damage. Something hits you.
You barely miss something. Your headbutt misses something.
You closely miss something. Something hits you but does no damage.
You closely miss something. Your headbutt misses something. Something hits you!
You miss something. Your headbutt misses something. Something hits you.
You miss something. Something hits you!
* * * LOW HITPOINT WARNING * * *
You closely miss something. Something hits you.
* * * LOW HITPOINT WARNING * * *
You barely miss something. Something hits you but does no damage.
You miss something.
You hear some strange, mumbled words.
You are confused.
Something hits you!
You die...

##.........#....[
##...#...###.#..
#### #..###...
.###.$. ## #..# ?
#..####..### ...
#....)†....##....
##................
#.....{@..<...##..
#.#.........###
#####..#### #..#
#..# ...# ....#
######


There were no monsters in sight!

Vanquished Creatures
  A worm (D:2)
  A dart slug (D:1)
  3 bats
  An endoplasm (D:2)
  A giant cockroach (D:1)
  2 hobgoblins
  4 jackals (D:1)
  2 quokkas
  A ball python (D:1)
  A frilled lizard (D:1)
  6 kobolds (D:1)
23 creatures vanquished.

Notes
Turn   | Place    | Note
-------+----------+-------------------------------------------
     0 | D:1      | venomsnake the Minotaur Fighter began the quest for the
                  | Orb.
     0 | D:1      | Reached XP level 1. HP: 19/19 MP: 0/0
   113 | D:1      | Reached XP level 2. HP: 27/27 MP: 1/1
   133 | D:1      | Found a large runed translucent door.
   133 | D:1      | Found a large runed translucent door.
   666 | D:1      | Found a faded altar of an unknown god.
  1553 | D:2      | Noticed Sigmund
  1631 | D:2      | Reached XP level 3. HP: 19/33 MP: 2/2
  1780 | D:2      | Mangled by Sigmund

Illustrated notes

Levels and vault maps discovered:
D:1:      erik_arrival_cave_to_civilisation [erik_arrival_cave_to_temple],
          layout_loops_ring, chequers_ecumenical_altar_simple
D:2:      layout_rooms, kennysheep_small_spiral, chequers_mini_garden,
          dk_noncrumbling_4, minmay_misc_feat_ornament, uniq_sigmund

Skill      XL: |  1  2 |
---------------+-------+-----
Fighting       | 4 |  4.2
Armour         | 4 |  4.0
Shields        | 4 |  4.0
Axes           | |  2.9

Action                   || total
-------------------------++-------
Melee: War axe           ||    53
       Headbutt          ||     3
Armor: Scale mail        ||    24
Dodge: Dodged            ||    15
Block: Buckler           ||    16
